 Dungeon Crawl Stone Soup version 0.27-a0-512-g57cc695410 (webtiles) character file.

Game seed: 4060200324127645933

44 kae the Skirmisher (level 3, -4/27 (34) HPs)
             Began as a Hill Orc Fighter on Mar 3, 2021.
             Slain by an orc priest
             ... wielding a +0 mace of draining
              (7 damage)
             ... on level 2 of the Dungeon.
             The game lasted 00:01:08 (1266 turns).

kae the Skirmisher (Hill Orc Fighter)               Turns: 1266, Time: 00:01:09

HP:   -4/27 (34)    AC:  6    Str: 19    XL:     3   Next: 62%
MP:   3/3           EV:  7    Int:  8    God:
Gold: 65            SH:  9    Dex: 10    Spells: 2/2 levels left

rFire    . . .     SeeInvis .   a - +0 war axe
rCold    . . .     Faith    .   c - +0 kite shield
rNeg     . . .     Spirit   .   b - +0 scale mail
rPois    .         Reflect  .   (no helmet)
rElec    .         Harm     .   (no cloak)
rCorr    .         Rampage  .   (no gloves)
Will     .....                  (no boots)
Stlth    ..........             (no amulet)
HPRegen  0.09/turn              (no ring)
MPRegen  0.08/turn              (no ring)

@: heavily drained
A: no striking features
a: Convert to Beogh


You were on level 2 of the Dungeon.
You visited 1 branch of the dungeon, and saw 2 of its levels.

You collected 65 gold pieces.

Inventory:

Hand Weapons
 a - a +0 war axe (weapon)
Armour
 b - a +0 scale mail (worn)
 c - a +0 kite shield (worn)
Scrolls
 f - 2 scrolls of identify {unknown}
 g - a scroll of teleportation {unknown}
Potions
 d - a potion of might
 e - a potion of degeneration {unknown}


   Skills:
 + Level 4.4 Fighting
 + Level 3.9 Axes
 - Level 3.4 Armour
 - Level 3.4 Shields


You had 2 spell levels left.
You didn't know any spells.
Your spell library was empty.

Dungeon Overview and Level Annotations

Branches:
Dungeon (2/15)

Altars:


Message History

You closely miss the orc priest.
The orc priest hits you with a +0 mace of draining.
You feel drained.
You barely miss the orc priest.
The orc priest hits you with a +0 mace of draining.
You feel drained.
You hit the orc priest.
The orc priest is lightly wounded.
The orc priest barely misses you.
The orc priest invokes the aid of Beogh against you.
You barely resist. You barely miss the orc priest.
The orc priest is lightly wounded.
The orc priest miscasts a cantrip.
The orc priest shouts, "Join the one true god or die!"
You hit the orc priest.
The orc priest is moderately wounded.
The orc priest looks encouraged for a moment.
The orc priest hits you but does no damage.
You feel drained.
You barely miss the orc priest.
The orc priest is moderately wounded.
The orc priest hits you with a +0 mace of draining.
You feel drained.
You closely miss the orc priest.
The orc priest is moderately wounded.
The orc priest hits you but does no damage.
You feel drained.
You hit the orc priest but do no damage.
The orc priest is moderately wounded.
The orc priest mumbles some strange prayers to Beogh against you.
Beogh smites you!
* * * LOW HITPOINT WARNING * * *
The orc priest calls down the wrath of Beogh upon you.
Pain shoots through your body!
* * * LOW HITPOINT WARNING * * *
Your scale mail prevents you from hitting the orc priest.
The orc priest is moderately wounded.
The orc priest hits you with a +0 mace of draining!
You die...

#####.###...##... ..#
..........†## ### #.#
#####.###### #.# #.# ##### #.#
#####(# #...#### #.# ....#)#
#.#....# #.# ###.#.# ...
#.#####.### #.#.#
#.###....)....#### ###...#
#@#....o..o......#
......##########o#)##.######.....
................b).##.# ..#.#
############.....####.# ..# #
#..#### #.# o.) #..# #.# o...
#..# ... o...# #..# #.. ..b.#
#..#


You could see an orc priest and a bat.

Vanquished Creatures
  An ooze (D:1)
  2 dart slugs
  A leopard gecko (D:1)
  2 orcs (D:2)
  6 bats
  5 hobgoblins (D:1)
  4 jackals (D:1)
  3 kobolds (D:1)
  3 goblins
  2 rats (D:1)
29 creatures vanquished.

Notes
Turn   | Place    | Note
-------+----------+-------------------------------------------
     0 | D:1      | kae the Hill Orc Fighter began the quest for the Orb.
     0 | D:1      | Reached XP level 1. HP: 19/19 MP: 1/1
    58 | D:1      | Reached XP level 2. HP: 12/27 MP: 2/2
    67 | D:1      | Reached skill level 4 in Fighting
   374 | D:1      | Reached XP level 3. HP: 33/33 MP: 3/3
  1266 | D:2      | Slain by an orc priest

Illustrated notes

Levels and vault maps discovered:
D:1:      erik_arrival_triangle_large, layout_basic
D:2:      layout_loops_ring, overflow_temple_1_default, uniq_jessica

Skill      XL: |  1  2 |
---------------+-------+-----
Axes           | 3 |  3.9
Fighting       | 4 |  4.4
Armour         | |  3.4
Shields        | |  3.4

Action                   || total
-------------------------++-------
Melee: War axe           ||    85
Armor: Scale mail        ||    51
Dodge: Dodged            ||    30
Block: Kite shield       ||    47

Table legend: (Time is in decaauts)
 A = Elapsed time spent in this place.
 B = Non-inter-level travel time spent in this place.
 C = Inter-level travel time spent in this place.
 D = Time resting spent in this place.
 E = Time spent auto-exploring this place.
 F = Levels seen in this place.
 G = Mean time per level.
                   A        B        C        D        E       F      G
               +--------+--------+--------+--------+--------+-----+--------+
         Total |   1314 |   1299 |     15 |    151 |    933 |   2 |  657.0 |
       Dungeon |   1314 |   1299 |     15 |    151 |    933 |   2 |  657.0 |
               +--------+--------+--------+--------+--------+-----+--------+

Top non-repeatable levels by time:
     D:1: 1124 daAuts
     D:2: 189 daAuts
